 Dungeon Crawl Stone Soup version 0.29-a0-384-g6960b1960d (webtiles) character file.

Game seed: 11163321766722854614

20769 dolemite99 the Thaumaturge (level 12, -4/92 HPs)
             Began as a Gnoll Earth Elementalist on May 8, 2022.
             Was a High Priest of Fedhas.
             Slain by a seven-headed hydra (7 damage)
             ... on level 3 of the Lair of Beasts.
             The game lasted 00:22:12 (18740 turns).

dolemite99 the Thaumaturge (GnEE)                  Turns: 18740, Time: 00:22:13

Health: -4/92      AC: 15    Str:  7    XL:     12   Next: 83%
Magic:  7/25       EV: 30    Int: 27    God:    Fedhas [*****.]
Gold:   320        SH:  0    Dex: 12    Spells: 10/29 levels left

rFire   . . .      SeeInvis .   b - +4 dagger (elec)
rCold   . . .      Faith    .   (no shield)
rNeg    . . .      Spirit   .   Y - +0 steam dragon scales
rPois   .          Reflect  .   H - +2 hat
rElec   .          Harm     .   (no cloak)
rCorr   .          Rampage  .   T - +2 pair of gloves {hurl}
Will    .....                   P - +2 pair of boots
Stlth   ++++......              k - amulet of the acrobat
HPRegen 0.25/turn               y - +6 ring of intelligence {=R}
MPRegen 0.19/turn               (no ring)

@: acrobatic
A: fangs 1, strong nose, distributed training
a: Renounce Religion, Wall of Briars, Grow Ballistomycete, Overgrow, Grow Oklob


You were on level 3 of the Lair of Beasts.
You worshipped Fedhas.
Fedhas was extremely pleased with you.
You visited 2 branches of the dungeon, and saw 13 of its levels.

You collected 886 gold pieces.
You spent 566 gold pieces at shops.

Inventory:

Hand Weapons
 b - a +4 dagger of electrocution (weapon)
 h - a +0 hunting sling of chaos
 J - a +3 short sword
 L - a +2 mace of protection
Missiles
 r - 6 poisoned darts (quivered)
 s - 28 stones
 O - 2 throwing nets
 U - 10 boomerangs
Armour
 H - a +2 hat (worn)
 P - a +2 pair of boots (worn)
 T - a +2 pair of gloves of hurling (worn)
 Y - +0 steam dragon scales (worn)
Magical Staves
 a - a staff of conjuration
 C - a staff of poison
Jewellery
 k - an amulet of the acrobat (around neck)
 y - a +6 ring of intelligence (left hand) {=R}
 D - a +6 ring of intelligence
 N - a ring of resist corrosion
 X - the ring of the Mage {Wiz Archmagi}
   (You took it off a wight on level 8 of the Dungeon)

   [ring of wizardry]

   It improves your spell success rate.
   Archmagi:  It increases the power of your magical spells.
 Z - an amulet of regeneration
Wands
 n - a wand of charming (14)
 Q - a wand of polymorph (7)
 V - a wand of digging (12)
Scrolls
 e - 3 scrolls of amnesia
 f - a scroll of blinking
 j - 4 scrolls of enchant armour
 m - a scroll of poison
 p - 2 scrolls of identify {@r1}
 q - 4 scrolls of immolation
 t - 3 scrolls of fog
 x - 8 scrolls of teleportation
 A - 2 scrolls of enchant weapon
 K - 4 scrolls of vulnerability
 R - a scroll of fear
Potions
 c - 2 potions of magic
 d - 3 potions of lignification
 g - 3 potions of haste
 i - 2 potions of berserk rage {unknown}
 o - 4 potions of attraction {unknown}
 u - 8 potions of brilliance
 v - 2 potions of invisibility {unknown}
 w - 8 potions of curing {unknown}
 z - 3 potions of cancellation {unknown}
 B - 5 potions of resistance {unknown}
 G - 3 potions of ambrosia {unknown}
 I - 3 potions of flight {unknown}
 M - 4 potions of degeneration {unknown}
 S - a potion of heal wounds


   Skills:
 + Level 7.6 Fighting
 + Level 7.6 Short Blades
 + Level 7.6 Long Blades
 + Level 7.6 Axes
 + Level 7.6 Maces & Flails
 + Level 7.6 Polearms
 + Level 7.6 Staves
 + Level 7.6 Slings
 + Level 7.6 Bows
 + Level 7.6 Crossbows
 + Level 7.6 Throwing
 + Level 7.6 Armour
 + Level 9.0 Dodging
 + Level 8.8 Stealth
 + Level 7.6 Shields
 + Level 7.6 Unarmed Combat
 + Level 9.2 Spellcasting
 + Level 6.3 Conjurations
 + Level 6.3 Hexes
 + Level 6.3 Summonings
 + Level 6.3 Necromancy
 + Level 6.3 Translocations
 + Level 6.7 Transmutations
 + Level 6.3 Fire Magic
 + Level 6.3 Ice Magic
 + Level 6.3 Air Magic
 + Level 8.5 Earth Magic
 + Level 6.3 Poison Magic
 + Level 8.4 Invocations
 + Level 7.6 Evocations


You had 10 spell levels left.
You knew the following spells:

 Your Spells              Type           Power      Damage    Failure   Level
a - Stone Arrow           Conj/Erth      100%       3d13      1%          3
b - Sticky Flame          Conj/Fire      46%        2d6       3%          4
c - Sandblast             Erth           100%       2d20      1%          1
d - Static Discharge      Conj/Air       46%        N/A       1%          2
e - Petrify               Tmut/Erth      52%        N/A       1%          4
f - Irradiate             Conj/Tmut      24%        3d21      9%          5

Your spell library contained the following spells:

 Spells                   Type           Power      Damage    Failure   Level
 Ensorcelled Hibernation  Hex/Ice        92%        N/A       1%          2
 Passwall                 Tmut/Erth      43%        N/A       1%          2
 Sublimation of Blood     Necr           46%        N/A       1%          2
 Call Canine Familiar     Summ           46%        N/A       1%          3
 Portal Projectile        Hex/Tloc       92%        N/A       1%          3
 Swiftness                Air            46%        N/A       1%          3
 Leda's Liquefaction      Hex/Erth       25%        N/A       2%          4
 Dispel Undead            Necr           46%        3d18      3%          4


Dungeon Overview and Level Annotations

Branches:
Dungeon (10/15)            Temple (0/1) D:5            Lair (3/6) D:10
  Swamp: Lair:2-4    Shoals: Lair:2-4     Snake: Lair:2-4    Spider: Lair:2-4
    Orc: D:9-12

Altars:
Fedhas
Okawaru

Shops:
D:6 ?   D:7 *   D:10 ?

Annotations:
D:5 exclusion: door


Innate Abilities, Weirdness & Mutations

You have very sharp teeth.
Your uncanny sense of smell can sniff out nearby items.
Your experience applies equally to all skills.


Message History

The explosion of spores engulfs your yak!!
Your yak is almost dead.
The elephant appears confused.
The explosion of spores engulfs the elephant!!
You kill the elephant!
Fedhas appreciates your contribution to the ecosystem.
Your yak dissolves into shadows! x2
You hear an angry hiss.
Your ballistomycete spore explodes!
Your yak appears confused.
The explosion of spores engulfs your yak!!
You kill your yak!
Your yak's corpse dissolves into shadows!
Fedhas protects your plant from harm.
The elephant appears confused.
The explosion of spores engulfs the elephant!
The elephant is moderately wounded.
You hear an angry hiss.
A ballistomycete spore comes into view.
The seven-headed hydra attacks as you move away!
The seven-headed hydra completely misses you.
The seven-headed hydra bites you but does no damage.
The seven-headed hydra bites you.
* * * LOW HITPOINT WARNING * * *
The seven-headed hydra misses you.
The seven-headed hydra completely misses you.
The seven-headed hydra bites you but does no damage.
The seven-headed hydra barely misses you.
A basilisk comes into view.
A ballistomycete spore comes into view.
Your ballistomycete spore explodes!
The elephant appears confused.
The explosion of spores engulfs the elephant.
The elephant is moderately wounded.
A ballistomycete spore comes into view.
The seven-headed hydra attacks as you move away!
The seven-headed hydra bites you but does no damage. x2
The seven-headed hydra bites you!
You die...
Fedhas appreciates your contribution to the ecosystem.

#### #####..###
..##.#......##
.............#
....##........#
#.##.........##
..#.......@..#
#........D..##
##............###.
#..†...........l..
#.................
#...#...†.Y*P*#####
#.. #.....÷...#
#...†.<.###
#...##....##∆


You could see a seven-headed hydra, an elephant (confused, ally target), a
basilisk, a friendly ballistomycete (summoned) and 2 friendly ballistomycete
spores.

Vanquished Creatures
  A hydra (Lair:2)
  A two-headed ogre (D:10)
  A cyclops (D:10)
  8 elephants
  A black mamba (Lair:2)
  A komodo dragon (Lair:2)
  2 trolls (D:10)
  6 blink frogs
  Grinder (D:6)
  2 wyverns
  4 wraiths
  44 yaks
  2 basilisks
  5 steam dragons
  4 vampire mosquitoes (D:5)
  Menkaure (D:7)
  An acid dragon (D:8)
  7 water moccasins
  5 orc warriors
  2 ice beasts (D:5)
  4 centaurs
  3 ogres
  A phantom (D:4)
  Blork the orc (D:6)
  3 necrophages
  9 bullfrogs
  3 scorpions
  8 wights
  A killer bee (D:10)
  3 howler monkeys
  4 orc priests
  4 hounds
  A jelly (D:3)
  3 gnoll shamans
  6 orc wizards
  2 iguanas
  11 gnolls
  8 adders
  2 shadow imps
  2 white imps (D:7)
  An ufetubus (D:6)
  A worm (D:4)
  A dart slug (D:1)
  20 orcs
  6 endoplasms
  4 giant cockroaches
  6 goblins
  3 hobgoblins
  3 jackals (D:2)
  8 quokkas
  7 ball pythons
  3 bats
  4 frilled lizards
  5 kobolds
  4 rats
254 creatures vanquished.

Vanquished Creatures (collateral kills)
  Nergalle (Lair:1)
  A blink frog (Lair:3)
  A yak (Lair:2)
  8 ballistomycete spores (Lair:3)
11 creatures vanquished.

Vanquished Creatures (others)
  13 fungi
  26 plants
39 creatures vanquished.

Grand Total: 304 creatures vanquished

Notes
Turn   | Place    | Note
-------+----------+-------------------------------------------
     0 | D:1      | dolemite99 the Gnoll Earth Elementalist began the quest for
                  | the Orb.
     0 | D:1      | Reached XP level 1. HP: 13/13 MP: 6/6
   363 | D:1      | Found a faded altar of an unknown god.
   367 | D:1      | Prayed at the altar of an unknown god.
   367 | D:1      | Became a worshipper of Fedhas Madash
   367 | D:1      | Reached * piety under Fedhas
   422 | D:1      | Reached XP level 2. HP: 19/19 MP: 5/7
   737 | D:1      | Reached XP level 3. HP: 25/25 MP: 6/9
   826 | D:1      | Reached skill level 5 in Spellcasting
   936 | D:2      | Noticed an ogre
   955 | D:2      | Killed an ogre
   956 | D:2      | Reached skill level 1 in Fighting
   956 | D:2      | Reached skill level 1 in Short Blades
   956 | D:2      | Reached skill level 1 in Long Blades
   956 | D:2      | Reached skill level 1 in Axes
   956 | D:2      | Reached skill level 1 in Maces & Flails
   956 | D:2      | Reached skill level 1 in Polearms
   956 | D:2      | Reached skill level 1 in Staves
   956 | D:2      | Reached skill level 1 in Slings
   956 | D:2      | Reached skill level 1 in Bows
   956 | D:2      | Reached skill level 1 in Crossbows
   956 | D:2      | Reached skill level 1 in Throwing
   956 | D:2      | Reached skill level 1 in Armour
   956 | D:2      | Reached skill level 1 in Shields
   956 | D:2      | Reached skill level 1 in Unarmed Combat
   956 | D:2      | Reached skill level 1 in Conjurations
   956 | D:2      | Reached skill level 1 in Hexes
   956 | D:2      | Reached skill level 1 in Summonings
   956 | D:2      | Reached skill level 1 in Necromancy
   956 | D:2      | Reached skill level 1 in Translocations
   956 | D:2      | Reached skill level 1 in Fire Magic
   956 | D:2      | Reached skill level 1 in Ice Magic
   956 | D:2      | Reached skill level 1 in Air Magic
   956 | D:2      | Reached skill level 1 in Poison Magic
   956 | D:2      | Reached skill level 1 in Invocations
   956 | D:2      | Reached skill level 1 in Evocations
   956 | D:2      | Reached XP level 4. HP: 32/32 MP: 7/11
  1056 | D:2      | Learned a level 3 spell: Stone Arrow
  1114 | D:2      | You fall into a shaft and drop 2 floors!
  1136 | D:3      | Reached ** piety under Fedhas
  1137 | D:3      | Reached XP level 5. HP: 37/37 MP: 10/12
  1236 | D:3      | Found an iron altar of Okawaru.
  2394 | D:4      | Reached XP level 6. HP: 44/44 MP: 10/13
  2796 | D:4      | Reached skill level 5 in Dodging
  2906 | D:4      | Reached XP level 7. HP: 44/50 MP: 10/15
  2938 | D:4      | Reached *** piety under Fedhas
  3931 | D:4      | Reached skill level 5 in Stealth
  4433 | D:5      | Entered Level 5 of the Dungeon
  4446 | D:5      | Noticed a vampire mosquito
  4448 | D:5      | Noticed a vampire mosquito
  4448 | D:5      | Noticed a vampire mosquito
  4554 | D:5      | Killed a vampire mosquito
  4559 | D:5      | Reached XP level 8. HP: 30/57 MP: 8/16
  5007 | D:5      | Learned a level 4 spell: Petrify
  5456 | D:5      | Found a staircase to the Ecumenical Temple.
  5569 | D:6      | Reached XP level 9. HP: 59/65 MP: 14/18
  5764 | D:6      | Noticed Blork the orc
  5777 | D:6      | Killed Blork the orc
  5786 | D:6      | Reached **** piety under Fedhas
  6486 | D:6      | Found Fonien's Magic Scroll Emporium.
  6496 | D:6      | Reached skill level 5 in Invocations
  6498 | D:6      | Noticed Grinder
  6504 | D:6      | Killed Grinder
  6936 | D:6      | Learned a level 1 spell: Sandblast
  7068 | D:6      | Reached XP level 10. HP: 73/73 MP: 16/20
  7125 | D:6      | Bought a scroll of blinking for 105 gold pieces
  7125 | D:6      | Bought a scroll of teleportation for 42 gold pieces
  7125 | D:6      | Bought a scroll of identify for 28 gold pieces
  7125 | D:6      | Bought a scroll of identify for 28 gold pieces
  7314 | D:6      | Reached skill level 5 in Fighting
  7314 | D:6      | Reached skill level 5 in Short Blades
  7314 | D:6      | Reached skill level 5 in Long Blades
  7314 | D:6      | Reached skill level 5 in Axes
  7314 | D:6      | Reached skill level 5 in Maces & Flails
  7314 | D:6      | Reached skill level 5 in Polearms
  7314 | D:6      | Reached skill level 5 in Staves
  7314 | D:6      | Reached skill level 5 in Slings
  7314 | D:6      | Reached skill level 5 in Bows
  7314 | D:6      | Reached skill level 5 in Crossbows
  7314 | D:6      | Reached skill level 5 in Throwing
  7314 | D:6      | Reached skill level 5 in Armour
  7314 | D:6      | Reached skill level 5 in Shields
  7314 | D:6      | Reached skill level 5 in Unarmed Combat
  7314 | D:6      | Reached skill level 5 in Evocations
  8188 | D:7      | Noticed Menkaure
  8196 | D:7      | Killed Menkaure
  8230 | D:7      | Found Icemm's Assorted Antiques.
  8238 | D:7      | Bought a scroll of summoning for 237 gold pieces
  8238 | D:7      | Bought an emerald potion for 22 gold pieces
  8904 | D:7      | Reached ***** piety under Fedhas
  9420 | D:8      | Reached skill level 5 in Transmutations
  9643 | D:8      | Learned a level 2 spell: Static Discharge
  9648 | D:8      | Learned a level 4 spell: Sticky Flame
 11331 | D:9      | Reached XP level 11. HP: 81/81 MP: 17/22
 12099 | D:10     | Entered Level 10 of the Dungeon
 12208 | D:10     | Found Sotor's Magic Scroll Boutique.
 12310 | D:10     | Bought a scroll of teleportation for 39 gold pieces
 12310 | D:10     | Bought a scroll of teleportation for 39 gold pieces
 12310 | D:10     | Bought a scroll of identify for 26 gold pieces
 12432 | D:10     | Reached skill level 5 in Conjurations
 12432 | D:10     | Reached skill level 5 in Hexes
 12432 | D:10     | Reached skill level 5 in Summonings
 12432 | D:10     | Reached skill level 5 in Necromancy
 12432 | D:10     | Reached skill level 5 in Translocations
 12432 | D:10     | Reached skill level 5 in Fire Magic
 12432 | D:10     | Reached skill level 5 in Ice Magic
 12432 | D:10     | Reached skill level 5 in Air Magic
 12432 | D:10     | Reached skill level 5 in Poison Magic
 12566 | D:10     | Noticed a cyclops
 12578 | D:10     | Killed a cyclops
 12731 | D:10     | Noticed a two-headed ogre
 12746 | D:10     | Killed a two-headed ogre
 13467 | D:10     | Found a staircase to the Lair.
 13633 | D:10     | Learned a level 5 spell: Irradiate
 13711 | Lair:1   | Entered Level 1 of the Lair of Beasts
 14278 | Lair:1   | Noticed Nergalle
 14292 | Lair:1   | HP: 2/77 [spectral orc knight/+0 great mace of
                  | protection[Nergalle] (14)]
 14304 | Lair:1   | Killed Nergalle
 15540 | Lair:2   | Reached XP level 12. HP: 61/89 MP: 6/24
 15977 | Lair:2   | Noticed a six-headed hydra
 15983 | Lair:2   | Killed a six-headed hydra
 18315 | Lair:3   | Noticed a seven-headed hydra
 18731 | Lair:3   | HP: 4/91 [seven-headed hydra (3)]
 18738 | Lair:3   | HP: 3/92 [seven-headed hydra (3)]
 18740 | Lair:3   | Slain by a seven-headed hydra

Illustrated notes

Levels and vault maps discovered:
D:1:      lightli_arrival_maybe_door_vault, layout_loops_ring,
          nicolae_ecumenical_lake_church
D:2:      layout_rooms, mrwooster_statue_mirror, amethyst_killhole
D:3:      layout_rooms, mainiacjoe_overflow_surrounded_room
D:4:      minmay_general_purpose_star, layout_basic, grunt_ministairs_12,
          minmay_fractal_squares_5
D:5:      layout_gridville, temple_fountains
D:6:      layout_basic, serial_shops, nicolae_shop_advertising_works
          [nicolae_subvault_shop_adworks], chequers_serial_rivers_room_a,
          minmay_increasing_density, uniq_blork_the_orc, uniq_grinder
D:7:      layout_loops_ring, serial_shops, shop, uniq_menkaure
D:8:      layout_rooms
D:9:      layout_stronghold, kennysheep_generic_room_10
D:10:     layout_basic, lair_entry_dummy, serial_shops, shop,
          minmay_misc_feat_plants, minmay_fractal_squares_diagonal_5
Lair:1:   layout_roguey, nicolae_volcano_entry_s_turn, grunt_megastairs_2,
          infiniplex_staircase_pool_2, uniq_nergalle
Lair:2:   layout_long_grid, hangedman_lair_unloving_vines, grunt_megastairs_1
Lair:3:   layout_cave_pods, spider_nest_entry_a, grunt_megastairs_4

Skill      XL: |  1  2  3  4  5  6  7  8  9 10 11 12 |
---------------+-------------------------------------+-----
Transmutations | 2 3 4 5 6 |  6.7
Spellcasting   | 5 6 7 8 9 |  9.2
Fighting       | 1 2 3 4 5 6 7 |  7.6
Short Blades   | 1 2 3 4 5 6 7 |  7.6
Long Blades    | 1 2 3 4 5 6 7 |  7.6
Axes           | 1 2 3 4 5 6 7 |  7.6
Maces & Flails | 1 2 3 4 5 6 7 |  7.6
Polearms       | 1 2 3 4 5 6 7 |  7.6
Staves         | 1 2 3 4 5 6 7 |  7.6
Slings         | 1 2 3 4 5 6 7 |  7.6
Bows           | 1 2 3 4 5 6 7 |  7.6
Crossbows      | 1 2 3 4 5 6 7 |  7.6
Throwing       | 1 2 3 4 5 6 7 |  7.6
Armour         | 1 2 3 4 5 6 7 |  7.6
Shields        | 1 2 3 4 5 6 7 |  7.6
Unarmed Combat | 1 2 3 4 5 6 7 |  7.6
Conjurations   | 1 2 3 4 5 6 |  6.3
Hexes          | 1 2 3 4 5 6 |  6.3
Summonings     | 1 2 3 4 5 6 |  6.3
Necromancy     | 1 2 3 4 5 6 |  6.3
Translocations | 1 2 3 4 5 6 |  6.3
Fire Magic     | 1 2 3 4 5 6 |  6.3
Ice Magic      | 1 2 3 4 5 6 |  6.3
Air Magic      | 1 2 3 4 5 6 |  6.3
Poison Magic   | 1 2 3 4 5 6 |  6.3
Invocations    | 1 2 3 4 5 6 7 8 |  8.4
Evocations     | 1 2 3 4 5 6 7 |  7.6
Dodging        | 5 6 7 8 9 |  9.0
Stealth        | 5 6 7 8 |  8.8
Earth Magic    | 6 7 8 |  8.5

Action                   |  1- 3 |  4- 6 |  7- 9 | 10-12 || total
-------------------------+-------+-------+-------+-------++-------
Melee: Unarmed           |     2 |       |       |       ||     2
       Staff             |       |     1 |       |     9 ||    10
       Dagger            |       |       |    12 |    36 ||    48
       Bite              |       |       |       |    11 ||    11
       Punch             |       |       |       |     4 ||     4
 Fire: Hunting sling     |       |       |       |   177 ||   177
Throw: Dart              |       |       |     2 |    10 ||    12
       Stone             |       |       |     2 |     1 ||     3
 Cast: Sandblast         |    26 |    73 |   154 |   145 ||   398
       Stone Arrow       |       |       |     5 |   102 ||   107
       Sticky Flame      |       |       |       |    39 ||    39
Invok: Wall of Briars    |       |     1 |       |     6 ||     7
       Grow Ballistomyce |       |       |       |     2 ||     2
Evoke: Wand              |       |       |       |    24 ||    24
  Use: Scroll            |       |       |    10 |    14 ||    24
       Potion            |       |       |       |     5 ||     5
Armor: Robe              |     4 |     9 |    13 |     6 ||    32
       Steam dragon scal |       |       |       |   107 ||   107
Dodge: Dodged            |    11 |    45 |   108 |   258 ||   422

Table legend: (Time is in decaauts)
 A = Elapsed time spent in this place.
 B = Non-inter-level travel time spent in this place.
 C = Inter-level travel time spent in this place.
 D = Time resting spent in this place.
 E = Time spent auto-exploring this place.
 F = Levels seen in this place.
 G = Mean time per level.
                   A        B        C        D        E       F      G
               +--------+--------+--------+--------+--------+-----+--------+
         Total |  18773 |  18278 |    495 |   7623 |   7593 |  13 | 1444.1 |
       Dungeon |  13733 |  13345 |    388 |   5159 |   5804 |  10 | 1373.3 |
          Lair |   5039 |   4933 |    106 |   2463 |   1789 |   3 | 1679.7 |
               +--------+--------+--------+--------+--------+-----+--------+

Top non-repeatable levels by time:
     D:6: 2562 daAuts
  Lair:2: 2553 daAuts
  Lair:1: 2365 daAuts
     D:9: 2170 daAuts
     D:4: 1884 daAuts
    D:10: 1618 daAuts
     D:3: 1202 daAuts
     D:5: 1147 daAuts
     D:1: 905 daAuts
     D:8: 804 daAuts
     D:7: 794 daAuts
     D:2: 643 daAuts
  Lair:3: 120 daAuts
